 Dungeon Crawl Stone Soup version 0.28.0 (webtiles) character file.

Game seed: 10941823009594204971

0 BorgnjorsVileCrotch the Magician (level 1, 13/13 HPs)
             Began as a Mummy Air Elementalist on Feb 8, 2022.
             Quit the game on level 1 of the Dungeon.
             The game lasted 00:00:15 (128 turns).

BorgnjorsVileCrotch the Magician (MuAE)              Turns: 128, Time: 00:00:16

Health: 13/13      AC:  2    Str: 11    XL:     1   Next: 8%
Magic:  2/4        EV: 12    Int: 14    God:
Gold:   34         SH:  0    Dex: 12    Spells: 4/5 levels left

rFire   x . .      SeeInvis .   (no weapon)
rCold   + . .      Faith    .   (no shield)
rNeg    + + +      Spirit   .   a - +0 robe
rPois   ∞          Reflect  .   (no helmet)
rElec   .          Harm     .   (no cloak)
rCorr   .          Rampage  .   (no gloves)
Will    .....                   (no boots)
Stlth   ++........              (no amulet)
HPRegen 0.04/turn               (no ring)
MPRegen 0.09/turn               (no ring)

@: no status effects
A: cold resistance 1, negative energy resistance 3, torment resistance 2, heat
vulnerability 1, no potions
a: no special abilities


You were on level 1 of the Dungeon.
You visited 1 branch of the dungeon, and saw 1 of its levels.

You collected 34 gold pieces.

Inventory:

Armour
 a - a +0 robe (worn)


   Skills:
 - Level 1.5 Dodging
 - Level 1.5 Stealth
 - Level 2.6 Spellcasting
 + Level 0.8 Conjurations
 - Level 2.4 Air Magic


You had 4 spell levels left.
You knew the following spells:

 Your Spells              Type           Power      Damage    Failure   Level
a - Shock                 Conj/Air       24%        1d4       12%         1

Your spell library contained the following spells:

 Spells                   Type           Power      Damage    Failure   Level
 Static Discharge         Conj/Air       6%         N/A       17%         2
 Swiftness                Air            8%         N/A       24%         3
 Airstrike                Air            4%         N/A       63%         4
 Sticky Flame             Conj/Fire      3%         2d3       88%         4
 Dispel Undead            Necr           1%         3d6       91%         4


Dungeon Overview and Level Annotations

Branches:
Dungeon (1/15)

Altars:


Innate Abilities, Weirdness & Mutations

You are immune to poison.
Your flesh is cold resistant. (rC+)
You are immune to negative energy. (rN+++)
You are immune to unholy pain and torment.
You are vulnerable to heat. (rF-)
You do not drink.


Message History

Welcome, BorgnjorsVileCrotch the Mummy Air Elementalist.
Everyone else who sought the Orb of Zot has failed.
Will you be different?
Press ? for a list of commands and other information.
Found a staircase leading out of the dungeon.
You open the door.
There is an open door here.
Found a long sword.
You now have 14 gold pieces.
Found a faded altar of an unknown god.
A ball python comes into view.
Found a stone staircase leading down.
The ball python hisses angrily.
You see here a book of Touch.
Casting: Shock (safe; 12% risk of failure)
Confirm with . or Enter, or press ? or * to list all spells.
Aiming: Shock (safe; 12% risk of failure)
Press: ? - help, Shift-Dir - straight line The zap hits the ball python.
The ball python is moderately wounded.
The zap misses the ball python.
Casting: Shock (safe; 12% risk of failure)
Confirm with . or Enter, or press ? or * to list all spells.
Aiming: Shock (safe; 12% risk of failure)
Press: ? - help, Shift-Dir - straight line The zap hits the ball python.
You kill the ball python!
Casting: Shock (safe; 12% risk of failure)
Confirm with . or Enter, or press ? or * to list all spells.
Okay, then.
Magic restored.
You pick up a book of Touch and begin reading...
You add the spells Sticky Flame and Dispel Undead to your library.
You see here a ball python corpse.
There is a stone staircase leading down here.
You now have 24 gold pieces (gained 10).
Found a rapier.
You now have 34 gold pieces (gained 10).
A bat comes into view.
A bat is nearby!
Casting: Shock (safe; 12% risk of failure)
Confirm with . or Enter, or press ? or * to list all spells.
Aiming: Shock (safe; 12% risk of failure)
Press: ? - help, Shift-Dir - straight line, f - bat
Aim: a bat (47% to hit)
The zap hits the bat.
The bat is moderately wounded.
Casting: Shock (safe; 12% risk of failure)
Confirm with . or Enter, or press ? or * to list all spells.
Aiming: Shock (safe; 12% risk of failure)
Press: ? - help, Shift-Dir - straight line, f/p - bat
Aim: a bat (moderately wounded, 47% to hit)
The zap misses the bat.
The bat closely misses you. The bat barely misses you.
The bat hits you but does no damage.
Are you sure you want to abandon this character and quit the game? (Confirm with "yes".)

.............
............
...........
..........
......... #....#
#....#
####.b..#### ...
........@).+....
........####....
..##............
. ##...........
##..........
#..........
#..........
##.######## #.#
#.#


You could see a bat.

Vanquished Creatures
  A ball python (D:1)
1 creature vanquished.

Notes
Turn   | Place    | Note
-------+----------+-------------------------------------------
     0 | D:1      | BorgnjorsVileCrotch the Mummy Air Elementalist began the
                  | quest for the Orb.
     0 | D:1      | Reached XP level 1. HP: 13/13 MP: 4/4
    45 | D:1      | Found a faded altar of an unknown god.
   128 | D:1      | Quit the game

Illustrated notes

Levels and vault maps discovered:
D:1:      dpeg_arrival_rooms_a, layout_basic, ebering_ecumenical_altar_ruins

Action                   || total
-------------------------++-------
 Cast: Shock             ||     4
Armor: Robe              ||     1
Dodge: Dodged            ||     2
